 Dungeon Crawl Stone Soup version 0.26-a0-317-ge2f3d4a7ca (webtiles) character file.

Game seed: 8121694820910994927

0 Gargoyl the Skirmisher (level 1, 0/19 HPs)
             Began as a Palentonga Abyssal Knight on July 16, 2020.
             Was a Follower of Lugonu.
             Killed from afar by a manticore (17 damage)
             ... with a volley of spikes
             ... summoned by a worldbinder
             ... on level 2 of the Abyss.
             The game lasted 00:00:15 (201 turns).

Gargoyl the Skirmisher (Palentonga Abyssal Knight)   Turns: 201, Time: 00:00:17

Health: 0/19       AC:  4    Str: 15    XL:     1   Next: 0%
Magic:  2/2        EV:  9    Int: 12    God:    Lugonu [*.....]
Gold:   0          SH:  0    Dex:  9    Spells: 0/0 levels left

rFire    . . .     SeeInvis +   a - +1 hand axe
rCold    . . .     Faith    .   (no shield)
rNeg     . . .     Spirit   .   b - +0 leather armour
rPois    .         Reflect  .   (no helmet)
rElec    .         Harm     .   (no cloak)
rCorr    .                      (no gloves)
MR       .....                  (boots restricted)
Stlth    +.........             (no amulet)
HPRegen  0.06/turn              (no ring)
MPRegen  0.08/turn              (no ring)

@: barbed spikes
A: large, rugged brown scales 3, see invisible, deformed body, roll, armoured
tail
a: Rolling Charge, Depart the Abyss, Renounce Religion


You were on level 2 of the Abyss.
You worshipped Lugonu.
Lugonu was aware of your devotion.
You visited 0 branches of the dungeon, and saw 0 of its levels.
You visited the Abyss 1 time.

Inventory:

Hand Weapons
 a - a +1 hand axe (weapon)
Armour
 b - a +0 leather armour (worn)
Wands
 c - a wand of digging (6)


   Skills:
 + Level 3.0 Fighting
 + Level 2.0 Axes
 + Level 1.5 Armour
 + Level 0.7 Dodging
 + Level 2.0 Invocations


You couldn't memorise any spells.
You didn't know any spells.
Your spell library contained the following spells:

 Spells                   Type           Power        Failure   Level
 Sublimation of Blood     Necr           #.........   52%         2
 Ignite Poison            Fire/Tmut/Pois #.......     77%         3
 Petrify                  Tmut/Erth      #.......     99%         4
 Alistair's Intoxication  Tmut/Pois      #.......     100%        5
 Irradiate                Conj/Tmut      #.........   100%        5
 Eringya's Noxious Bog    Tmut/Pois      #.........   100%        6


Dungeon Overview and Level Annotations

Branches:
Dungeon (0/15)

Altars:


Innate Abilities, Weirdness & Mutations

You are completely covered in rugged brown scales. (AC +3, +7% HP)
You have supernaturally acute eyesight. (SInv)
Armour fits poorly on your strangely shaped body.
You can roll at foes to attack.
You have a long armoured tail.


Message History

It is a scroll of identify.
You don't have any unidentified items.
A neqoxec assembles itself!
A tentacled starspawn comes into view.
Found a runed battleaxe.
A worldbinder comes into view.
You see here a wand of digging (6).
c - a wand of digging (6)
The starspawn tentacle grabs you.
The starspawn tentacle constricts you. 2 starspawn tentacles come into view.
You escape the starspawn tentacle's grasp.
The worldbinder calls forth creatures from the Shoals!
A smoke demon comes into view.
The smoke demon roars!
The worldbinder calls forth creatures from the Shoals!
The manticore flicks its tail.
The volley of spikes hits you!
The barbed spikes become lodged in your body.
Ouch! That really hurt!
You die...

.# .. .#. .##.
#..#.#. . ### #...
..#...## ..##..##...
.)#....#. #
.#...##..#.#......#
.# .......... .......
. ....#.##..##....#..
##..#..ยง...........#
#. ... ##...H@#.#.#
....##...#x..#
###.......H.###
#3.#..#.#.H##
.#.#..##3##. #
...##.##.##... ..
..... ..# #.
........#.#.#
........#..#


You could see 3 manticores, a worldbinder and a smoke demon.

Vanquished Creatures (others)
  2 starspawn tentacles (Abyss:2)
2 creatures vanquished.

Notes
Turn   | Place    | Note
-------+----------+-------------------------------------------
     0 | Abyss:1  | Gargoyl the Palentonga Abyssal Knight began the quest for
                  | the Orb.
     0 | Abyss:1  | Reached XP level 1. HP: 19/19 MP: 2/2
   191 | Abyss:2  | Noticed a neqoxec
   196 | Abyss:2  | Noticed a tentacled starspawn
   198 | Abyss:2  | Noticed a worldbinder
   200 | Abyss:2  | Noticed a smoke demon
   201 | Abyss:2  | Noticed a manticore
   201 | Abyss:2  | Killed from afar by a manticore

Illustrated notes

Levels and vault maps discovered:
Abyss:2:  gammafunk_corrupted_shrine, minivault_1

Action                   || total
-------------------------++-------
  Use: Scroll            ||     1

Table legend:
 A = Non-vault XP
 B = Vault XP
 C = Vault XP percentage of total XP
 D = Non-vault monster count
 E = Vault monster count
 F = Vault count percentage of total count
                 A         B        C        D         E       F
            +---------+---------+-------+---------+---------+-------
      Total |       0 |       0 |   N/A |       0 |       0 |  -nan
            +---------+---------+-------+---------+---------+-------
            +---------+---------+-------+---------+---------+-------
